 Dungeon Crawl Stone Soup version 0.27.1-34-g3ba077fa99 (webtiles) character file.

Game seed: 8713603535068230295

213650 alasdair19 the Peltast (level 18, -7/166 HPs)
             Began as a Minotaur Fighter on Jan 22, 2022.
             Was the Champion of Okawaru.
             Killed from afar by a quicksilver dragon (40 damage)
             ... with a bolt of dispelling energy
             ... on level 4 of the Snake Pit.
             The game lasted 02:42:43 (44150 turns).

alasdair19 the Peltast (Minotaur Fighter)          Turns: 44150, Time: 02:42:44

Health: -7/166     AC: 34    Str: 30    XL:     18   Next: 27%
Magic:  16/25      EV:  9    Int: 15    God:    Okawaru [******]
Gold:   1051       SH: 22    Dex: 15    Spells: 17/17 levels left

rFire    + . .     SeeInvis +   e - +1 demon blade (elec)
rCold    . . .     Faith    .   c - +0 kite shield
rNeg     + . .     Spirit   .   m - +9 plate armour of the Vanishing Xenops {Str+4 Int+7}
rPois    +         Reflect  +   b - +1 hat
rElec    .         Harm     .   G - +0 cloak
rCorr    .         Rampage  .   I - +1 pair of gloves of Limited Liability {rN+ Will+}
Will     +++..                  A - +1 pair of boots {Stlth+}
Stlth    ..........             f - amulet of reflection
HPRegen  0.37/turn              v - ring of Wishful Thinking {rF+ Dex+3}
MPRegen  0.19/turn              d - ring "Ryn Aphi" {rPois Will+ Int+2 Slay-3 SInv}

@: no status effects
A: horns 2, retaliatory headbutt
}: 1/15 runes: barnacled
a: Renounce Religion, Heroism, Finesse


You were on level 4 of the Snake Pit.
You worshipped Okawaru.
Okawaru was exalted by your worship.
You visited 6 branches of the dungeon, and saw 31 of its levels.

You collected 2684 gold pieces.
You spent 1633 gold pieces at shops.

Inventory:

Hand Weapons
 e - a +1 demon blade of electrocution (weapon)
 i - a +4 scimitar of holy wrath
 q - the +10 hunting sling of Bos Juom {venom, *Corrode +Blink MP+9 Dex+3}
   (Okawaru gifted it to you on level 3 of the Shoals)

   Any ammunition fired from it poisons the flesh of those it strikes.
   Dex:       It affects your dexterity (+3).
   MP:        It affects your magic capacity (+9).
   +Blink:    It lets you blink.
   *Corrode:  It may corrode you when you take damage.
 H - the +8 short sword of the Shimmering Tiger {antimagic, rElec Int+3}
   (You found it on level 6 of the Dungeon)

   It reduces the magical energy of the wielder, and disrupts the spells and
   magical abilities of those it strikes.
   Natural abilities and divine invocations are not affected.
   Int:       It affects your intelligence (+3).
   rElec:     It insulates you from electricity.
 T - a +2 scimitar of flaming
Missiles
 o - 31 silver javelins (quivered)
 p - 671 sling bullets
 C - 22 javelins
Armour
 b - a +1 hat (worn)
 c - a +0 kite shield (worn)
 m - the +9 plate armour of the Vanishing Xenops (worn) {Str+4 Int+7}
   (You bought it in a shop on level 2 of the Orcish Mines)

   Str:       It affects your strength (+4).
   Int:       It affects your intelligence (+7).
 A - a +1 pair of boots of stealth (worn)
 G - a +0 cloak (worn)
 I - the +1 pair of gloves of Limited Liability (worn) {rN+ Will+}
   (Okawaru gifted it to you on level 10 of the Dungeon)

   rN:        It protects you from negative energy.
   Will:      It increases your willpower.
Jewellery
 a - a ring of flight
 d - the ring "Ryn Aphi" (right hand) {rPois Will+ Int+2 Slay-3 SInv}
   (You found it on level 3 of the Shoals)

   [ring of willpower]

   Int:       It affects your intelligence (+2).
   Slay:      It affects your accuracy & damage with ranged weapons and melee
   (-3).
   rPois:     It protects you from poison.
   SInv:      It lets you see invisible.
   Will:      It increases your willpower.
 f - an amulet of reflection (around neck)
 k - the ring of Weefoi {rC+ Will- rCorr Str+2 SInv}
   (You acquired it on level 10 of the Dungeon)

   [ring of resist corrosion]

   Str:       It affects your strength (+2).
   rC:        It protects you from cold.
   SInv:      It lets you see invisible.
   rCorr:     It protects you from acid and corrosion.
   Will:      It decreases your willpower.
 s - a ring of fire
 t - the ring "Fedufer" {rF- rN+ Int+6 Dex+6 Slay+2}
   (You found it on level 4 of the Dungeon)

   [ring of dexterity]

   Int:       It affects your intelligence (+6).
   Dex:       It affects your dexterity (+6).
   Slay:      It affects your accuracy & damage with ranged weapons and melee
   (+2).
   rF:        It makes you vulnerable to fire.
   rN:        It protects you from negative energy.
 v - the ring of Wishful Thinking (left hand) {rF+ Dex+3}
   (You took it off a merfolk on level 4 of the Shoals)

   [ring of protection from fire]

   Dex:       It affects your dexterity (+3).
   rF:        It protects you from fire.
 J - a +6 ring of strength
 L - a ring of protection from fire
 R - a ring of ice
Wands
 Q - a wand of iceblast (14)
 S - a wand of digging (9)
 W - a wand of acid (14)
 Y - a wand of flame (130)
Scrolls
 h - 4 scrolls of blinking
 j - a scroll of silence
 l - 10 scrolls of identify
 n - 2 scrolls of enchant armour
 r - a scroll of enchant weapon
 u - a scroll of brand weapon
 w - 8 scrolls of teleportation
 y - 3 scrolls of magic mapping
 B - 2 scrolls of fear
 E - a scroll of acquirement
 X - 4 scrolls of fog
Potions
 g - a potion of heal wounds
 x - a potion of might
 z - 4 potions of flight
 D - 2 potions of ambrosia
 F - 3 potions of haste
 K - 2 potions of resistance
 M - 14 potions of curing
 N - 2 potions of berserk rage
 O - 3 potions of invisibility
Miscellaneous
 P - a lightning rod (4/4)


   Skills:
 + Level 16.3 Fighting
 + Level 1.7(10.9) Short Blades
 + Level 17.3 Long Blades
 + Level 8.0(9.8) Slings
 + Level 8.1(9.3) Throwing
 + Level 16.3 Armour
 - Level 1.0 Dodging
 + Level 19.0 Shields
 - Level 11.0 Invocations
 * Level 5.0 Evocations


You had 17 spell levels left.
You didn't know any spells.
Your spell library contained the following spells:

 Spells                   Type           Power      Damage    Failure   Level
 Ensorcelled Hibernation  Hex/Ice        0%         N/A       90%         2
 Passwall                 Tmut/Erth      0%         N/A       90%         2
 Static Discharge         Conj/Air       0%         N/A       90%         2
 Conjure Flame            Conj/Fire      0%         6-21      99%         3
 Ignite Poison            Fire/Tmut/Pois 0%         N/A       99%         3
 Spider Form              Tmut/Pois      0%         N/A       99%         3
 Stone Arrow              Conj/Erth      0%         3d7       99%         3
 Summon Guardian Golem    Hex/Summ       0%         N/A       99%         3
 Swiftness                Air            0%         N/A       99%         3
 Tukima's Dance           Hex            0%         N/A       99%         3
 Animate Armour           Summ/Erth      0%         N/A       100%        4
 Dispel Undead            Necr           0%         3d6       100%        4
 Passage of Golubria      Tloc           N/A        N/A       100%        4
 Sticky Flame             Conj/Fire      0%         2d3       100%        4
 Summon Lightning Spire   Summ/Air       0%         N/A       100%        4
 Yara's Violent Unravell  Hex/Tmut       0%         3d3       100%        5
 Invisibility             Hex            0%         N/A       100%        6
 Shadow Creatures         Summ           N/A        N/A       100%        6
 Orb of Destruction       Conj           0%         N/A       100%        7
 Spellforged Servitor     Conj/Summ      0%         N/A       100%        7
 Storm Form               Tmut/Air       0%         N/A       100%        7
 Lehudib's Crystal Spear  Conj/Erth      0%         10d2      100%        8
 Maxwell's Capacitive Co  Air            0%         ∞         100%        8


Dungeon Overview and Level Annotations

Branches:
Dungeon (14/15)            Temple (1/1) D:4            Lair (6/6) D:9
 Shoals (4/4) Lair:4        Snake (4/4) Lair:3        Slime (0/5) Lair:5
    Orc (2/2) D:12            Elf (0/3) Orc:2
 Vaults: D:13-14

Altars:
Ashenzari
Cheibriados
Dithmenos
Elyvilon
Fedhas
Gozag
Hepliaklqana
Kikubaaqudgha
Makhleb
Nemelex Xobeh
Okawaru
Qazlal
Ru
Sif Muna
Trog
Uskayaw
Vehumet
Wu Jian
Xom
Yredelemnul
Zin
The Shining One
Beogh
Jiyva
Lugonu

Shops:
D:9 *   Orc:1 *   Orc:2 *!*[   Shoals:2 (!:(   Snake:2 (=**   Snake:3 (:
Snake:4 *:?

Portals:
Abyss: D:11

Annotations:
D:7 1 runed translucent door
Lair:3 exclusion: oklob plant
Lair:6 3 runed translucent doors, Puepiyp's ghost, journeyman VSTm
Snake:2 3 runed translucent doors, exclusion: obsidian statue, Jazqba's ghost, adept HONe
Snake:3 Roxanne


Innate Abilities, Weirdness & Mutations

You have a pair of horns on your head.
You reflexively headbutt those who attack you in melee.


Message History

You closely miss the naga. You headbutt the naga!
The naga is heavily wounded.
You block the naga's attack. x2
You hit the naga. Your headbutt misses the naga.
The naga is heavily wounded.
The naga spits poison at you.
The splash of poison reflects off an invisible shield around you!
The splash of poison hits the naga.
The naga completely resists.
You hit the naga but do no damage.
The naga is heavily wounded.
The naga spits poison at you.
The splash of poison reflects off an invisible shield around you!
The splash of poison hits the naga.
The naga completely resists.
You hit the naga but do no damage. Lightning courses through the naga!
You kill the naga!
Okawaru accepts your kill. The naga hits you with a +0 scimitar.
* * * LOW HITPOINT WARNING * * *
You block the naga's attack.
Your attacks no longer feel as feeble.
The naga spits poison at you.
The splash of poison hits you but does no damage.
You resist.
You see here a +2 vorpal flail.
You hit the naga.
You headbutt the naga, but do no damage.
The naga is lightly wounded.
You slice the naga!!
You kill the naga!
Okawaru accepts your kill.
You see here a +0 scimitar.
A quicksilver dragon comes into view.
The quicksilver dragon roars deafeningly!
The quicksilver dragon breathes dispelling energy at you.
The bolt of dispelling energy hits you!
* * * LOW HITPOINT WARNING * * *
Found 22 stones.
The quicksilver dragon breathes dispelling energy at you.
The bolt of dispelling energy hits you!!!
You die...

....# ####'##'#.## ##..###'###..
.................#####.....N..N.#
...............................##
...............................#
..........................#
######....................#
#..............##..###
#............## ..8#
#.....@.D....# #...........(#
#...########## #..[# #.))# #...#
... #...# ...#
#..♣♣♣♣♣♣♣♣...##.....# #
#.≈♣≈≈♣♣≈≈≈♣...#.....##


You could see a quicksilver dragon (catching breath).

Vanquished Creatures
  Saint Roka (Snake:3)
  Vashnia (Snake:3)
  The ghost of carontestyx the Executioner, an adept HOBe of Trog (Shoals:3)
  A kraken (Shoals:3)
  2 sphinxes (Shoals:4)
  Agnes (Snake:1)
  Gastronok (D:9)
  Kirke (Snake:1)
  A nagaraja (Snake:4)
  2 minotaurs (Shoals:3)
  3 merfolk impalers
  A merfolk javelineer (Shoals:3)
  7 naga warriors
  4 salamander tyrants
  2 boulder beetles (Lair:6)
  4 ogre magi (Orc:2)
  7 hydras
  4 merfolk avatars
  2 merfolk aquamancers (Shoals:4)
  2 centaur warriors (D:13)
  16 satyrs
  Erica (D:8)
  An alligator snapping turtle (Shoals:3)
  4 anacondas
  19 two-headed ogres
  6 death yaks (Lair:6)
  9 naga sharpshooters
  2 shock serpents
  3 skeletal warriors (D:13)
  4 salamander mystics
  16 sea snakes
  A fire crab (Lair:6)
  8 naga ritualists
  5 bog bodies (Shoals:2)
  A deep elf pyromancer (D:12)
  Pikel (D:5)
  2 orc knights
  14 harpies
  2 orc sorcerers
  4 cyclopes
  2 ugly things (D:12)
  14 mana vipers
  26 fauns
  16 manticores
  5 elephants (Lair:2)
  9 merfolk sirens
  9 salamanders
  48 black mambas
  3 guardian serpents
  14 naga magi
  6 water nymphs
  13 cane toads
  6 komodo dragons
  2 rime drakes (Lair:6)
  Psyche (D:8)
  3 kobold demonologists (D:11)
  2 unseen horrors (D:12)
  28 merfolk
  3 meliai (D:13)
  4 wind drakes
  3 polar bears
  3 trolls
  5 slime creatures (D:12)
  5 hornets (Lair:6)
  8 dream sheep
  7 blink frogs
  11 snapping turtles
  12 spriggans (Lair:6)
  44 yaks
  2 shadows
  2 wraiths
  7 wyverns
  6 water elementals
  2 basilisks
  3 steam dragons
  Edmund (D:5)
  12 vampire mosquitoes
  3 wargs
  30 nagas
  3 acid dragons
  17 water moccasins
  A sky beast (D:5)
  6 black bears
  An ice beast (D:8)
  21 orc warriors
  8 boggarts
  20 ogres
  40 wolves
  10 centaurs
  A phantom (D:4)
  3 kobold brigands
  13 bullfrogs
  12 scorpions
  2 gnoll sergeants
  2 wyvern zombies (D:7)
  A wyvern skeleton (D:5)
  13 killer bees
  3 wights (D:6)
  A howler monkey (D:5)
  8 electric eels
  A bullfrog zombie (D:5)
  2 centaur zombies
  A gnoll shaman (D:8)
  14 jellies
  14 orc priests
  2 bullfrog skeletons
  An iguana (D:7)
  13 orc wizards
  11 hell rats (Lair:3)
  2 killer bee zombies
  A hound skeleton (D:5)
  3 howler monkey zombies
  20 gnolls
  A howler monkey skeleton (D:7)
  7 adders
  7 river rats (Lair:3)
  A white imp (D:5)
  4 worms
  A dart slug (D:1)
  55 orcs
  5 endoplasms
  2 giant cockroaches
  4 hobgoblins
  12 jackals
  14 kobolds
  3 quokkas
  7 ball pythons
  5 bats
  8 frilled lizards
  7 goblins
  7 rats
  A butterfly (Lair:6)
  2 tentacles (Shoals:3)
971 creatures vanquished.

Vanquished Creatures (others)
  A mana viper (Snake:3)
  2 humans (Snake:1)
  A black bear (Lair:6)
  2 orcs (D:8)
  3 bushes (Lair:6)
  65 fungi
  A lurking horror (D:11)
  97 plants
  6 tentacles (Shoals:3)
  5 toadstools (D:3)
183 creatures vanquished.

Grand Total: 1154 creatures vanquished

Notes
Turn   | Place    | Note
-------+----------+-------------------------------------------
     0 | D:1      | alasdair19 the Minotaur Fighter began the quest for the
                  | Orb.
     0 | D:1      | Reached XP level 1. HP: 19/19 MP: 0/0
   139 | D:1      | Reached XP level 2. HP: 19/27 MP: 1/1
   477 | D:1      | Reached skill level 4 in Shields
   850 | D:2      | Found a white marble altar of Elyvilon.
   992 | D:2      | Reached XP level 3. HP: 32/33 MP: 2/2
  1722 | D:2      | Reached XP level 4. HP: 29/40 MP: 3/3
  2467 | D:3      | Found a shimmering blue altar of Sif Muna.
  2817 | D:4      | Noticed an ogre
  2821 | D:4      | Killed an ogre
  2822 | D:4      | Reached skill level 1 in Dodging
  2822 | D:4      | Reached skill level 5 in Shields
  2822 | D:4      | Reached XP level 5. HP: 46/46 MP: 4/4
  2841 | D:4      | Noticed a phantom
  2845 | D:4      | Killed a phantom
  2846 | D:4      | Reached skill level 5 in Armour
  2846 | D:4      | Reached XP level 6. HP: 53/53 MP: 5/5
  2907 | D:4      | Identified the ring "Fedufer" {rF- rN+ Int+6 Dex+6 Slay+2}
  2931 | D:4      | Reached skill level 5 in Long Blades
  3136 | D:4      | Found a staircase to the Ecumenical Temple.
  3145 | Temple   | Entered the Ecumenical Temple
  3376 | D:5      | Entered Level 5 of the Dungeon
  3763 | D:5      | Found an iron altar of Okawaru.
  3967 | D:5      | Became a worshipper of Warmaster Okawaru
  3985 | D:5      | Noticed Pikel
  4000 | D:5      | Killed Pikel
  4001 | D:5      | Reached skill level 5 in Fighting
  4001 | D:5      | Reached skill level 6 in Shields
  4001 | D:5      | Reached XP level 7. HP: 48/61 MP: 6/6
  4140 | D:5      | Noticed Edmund
  4148 | D:5      | Killed Edmund
  4148 | D:5      | Reached * piety under Okawaru
  4149 | D:5      | Reached XP level 8. HP: 41/68 MP: 7/7
  4691 | D:5      | Reached ** piety under Okawaru
  4769 | D:5      | Reached skill level 7 in Shields
  5133 | D:6      | Identified the +8 short sword of the Shimmering Tiger
                  | {antimagic, rElec Int+3}
  5371 | D:6      | Found a shimmering altar of Xom.
  5373 | D:6      | Found a sacrificial altar of Ru.
  5373 | D:6      | Found a burning altar of Makhleb.
  5375 | D:6      | Found a hazy altar of Hepliaklqana.
  5375 | D:6      | Found a hazy altar of Hepliaklqana.
  5375 | D:6      | Found a radiant altar of Vehumet.
  5820 | D:6      | Found a stormy altar of Qazlal.
  5821 | D:6      | Found a shadowy altar of Dithmenos.
  5866 | D:6      | Reached XP level 9. HP: 75/75 MP: 8/8
  6037 | D:7      | Reached *** piety under Okawaru
  6157 | D:7      | Reached skill level 1 in Slings
  6162 | D:7      | Found a hide-covered altar of Uskayaw.
  6394 | D:7      | Reached skill level 8 in Shields
  6525 | D:7      | Found a runed translucent door.
  6526 | D:7      | Found a runed translucent door.
  6995 | D:8      | Reached **** piety under Okawaru
  7137 | D:8      | Received a gift from Okawaru
  7448 | D:8      | Reached XP level 10. HP: 75/86 MP: 9/9
  7451 | D:8      | Noticed Erica
  7471 | D:8      | Killed Erica
  7472 | D:8      | Reached skill level 10 in Long Blades
  7472 | D:8      | Reached skill level 9 in Shields
  8332 | D:8      | Noticed Psyche
  8338 | D:8      | Killed Psyche
  8339 | D:8      | Reached skill level 1 in Invocations
  8622 | D:9      | Reached ***** piety under Okawaru
  8630 | D:9      | Found a staircase to the Lair.
  8632 | D:9      | Received a gift from Okawaru
  8792 | D:9      | Noticed a two-headed ogre
  8800 | D:9      | Killed a two-headed ogre
  8801 | D:9      | Reached skill level 10 in Armour
  8975 | D:9      | Found a blossoming altar of Fedhas.
  9207 | D:9      | Reached XP level 11. HP: 95/95 MP: 12/12
  9344 | D:9      | Found a broken altar of Ashenzari.
  9542 | D:9      | Identified the +1 scale mail of Mobej {Harm Will+ Dex+5}
  9729 | D:9      | Noticed Gastronok
  9739 | D:9      | Killed Gastronok
  9739 | D:9      | Received a gift from Okawaru
  9860 | D:9      | Found Loimif's General Store.
  9872 | D:9      | Bought a potion of heal wounds for 70 gold pieces
  9872 | D:9      | Bought a potion of might for 56 gold pieces
 10124 | D:10     | Entered Level 10 of the Dungeon
 10159 | D:10     | Found a glowing golden altar of the Shining One.
 10170 | D:10     | Found a radiant altar of Vehumet.
 10183 | D:10     | Reached skill level 5 in Throwing
 10309 | D:10     | Noticed a two-headed ogre
 10311 | D:10     | Noticed a two-headed ogre
 10319 | D:10     | Killed a two-headed ogre
 10319 | D:10     | Identified the +1 pair of gloves of Limited Liability {rN+
                  | Will+} (Okawaru gifted it to you on level 10 of the
                  | Dungeon)
 10319 | D:10     | Received a gift from Okawaru
 10323 | D:10     | Killed a two-headed ogre
 10324 | D:10     | Reached skill level 10 in Shields
 10418 | D:10     | Noticed a two-headed ogre
 10468 | D:10     | Killed a two-headed ogre
 10546 | D:10     | Found a glowing silver altar of Zin.
 10686 | D:10     | Reached skill level 5 in Invocations
 10802 | D:10     | Found a basalt altar of Yredelemnul.
 10804 | D:10     | Noticed a profane servitor
 10858 | D:10     | Noticed an angel
 10921 | Lair:1   | Entered Level 1 of the Lair of Beasts
 11171 | Lair:1   | Identified the +3 leather armour of the Catamount {*Slow
                  | rPois rF+++ Str-2}
 11414 | Lair:1   | Reached XP level 12. HP: 104/106 MP: 15/15
 11942 | Lair:1   | Received a gift from Okawaru
 11945 | Lair:1   | Reached skill level 10 in Fighting
 12267 | Lair:2   | Identified the +5 spear "Dragonslayer" {flame, Fly Dex+7}
 12296 | Lair:2   | Reached ****** piety under Okawaru
 12470 | Lair:2   | Noticed a seven-headed hydra
 12476 | Lair:2   | Killed a five-headed hydra
 12673 | Lair:2   | Reached skill level 11 in Shields
 12701 | Lair:2   | Identified a scroll of acquirement
 13653 | Lair:3   | Noticed a five-headed hydra
 13662 | Lair:3   | Killed a two-headed hydra
 14355 | Lair:3   | Found a staircase to the Snake Pit.
 14362 | Lair:3   | Noticed a six-headed hydra
 14370 | Lair:3   | Killed a one-headed hydra
 14808 | Lair:4   | Reached XP level 13. HP: 101/114 MP: 17/17
 14942 | Lair:4   | Found a staircase to the Shoals.
 15291 | Lair:4   | Received a gift from Okawaru
 15769 | Lair:5   | Found a staircase to the Slime Pits.
 16969 | Lair:6   | Entered Level 6 of the Lair of Beasts
 17072 | Lair:6   | Received a gift from Okawaru
 17507 | Lair:6   | Reached skill level 12 in Shields
 17855 | Lair:6   | Found the +8 arc blade {discharge, rElec}
 17861 | Lair:6   | Identified the +5 rapier of Fuzzy Tortfeasance {antimagic,
                  | rC- Dex+5}
 17864 | Lair:6   | Identified the +3 leather armour of the Dungeon {rN++}
 18674 | Lair:6   | Reached XP level 14. HP: 124/124 MP: 19/19
 18678 | Lair:6   | Received a gift from Okawaru
 19671 | Lair:6   | Found a runed translucent gate.
 19692 | Lair:6   | Found a runed translucent gate.
 19693 | Lair:6   | Found a runed translucent gate.
 19696 | Lair:6   | Noticed Puepiyp's ghost (journeyman VSTm)
 19696 | Lair:6   | Noticed a quicksilver ooze
 19698 | Lair:6   | Found a viscous altar of Jiyva.
 20206 | D:11     | Reached skill level 13 in Shields
 20554 | D:11     | You are sucked into a shaft and drop 3 floors!
 20810 | D:13     | Found a shadowy altar of Dithmenos.
 21426 | D:12     | Found a staircase to the Orcish Mines.
 21463 | D:12     | Reached skill level 15 in Long Blades
 22020 | D:12     | Reached skill level 10 in Invocations
 22515 | D:11     | Found a one-way gate to the infinite horrors of the Abyss.
 22515 | D:11     | Found a corrupted altar of Lugonu.
 22721 | D:10     | Acquired the ring of Weefoi {rC+ Will- rCorr Str+2 SInv}
 23287 | Shoals:1 | Entered Level 1 of the Shoals
 23856 | D:12     | Received a gift from Okawaru
 24240 | Orc:1    | Entered Level 1 of the Orcish Mines
 24881 | Orc:1    | Found Ageig's General Store.
 25066 | Orc:1    | Reached skill level 14 in Shields
 25705 | Orc:2    | Entered Level 2 of the Orcish Mines
 26208 | Orc:2    | Reached XP level 15. HP: 111/134 MP: 21/21
 26597 | Orc:2    | Received a gift from Okawaru
 26894 | Orc:2    | Found Wodalabb's General Store.
 26894 | Orc:2    | Found Mamedwa's Assorted Antiques.
 26895 | Orc:2    | Found Juc Ysul's Distillery.
 26895 | Orc:2    | Found Watytu's Armour Shoppe.
 27152 | Orc:2    | Paralysed by an ogre mage for 3 turns
 27219 | Orc:2    | Bought a scroll labelled WYGHELLO TYBB for 36 gold pieces
 27274 | Orc:2    | Found a staircase to the Elven Halls.
 27596 | Orc:2    | Bought the +9 plate armour of the Vanishing Xenops {Str+4
                  | Int+7} for 1471 gold pieces
 28985 | Shoals:2 | Reached skill level 15 in Shields
 29305 | Shoals:2 | Found Fumovoac's Antique Weapon Shoppe.
 29545 | Shoals:2 | Found Megosoma's Weapon Shoppe.
 29605 | Shoals:2 | Found Pawnav's Distillery.
 29705 | Shoals:2 | Found Deuxoph's Book Shop.
 29835 | Shoals:2 | Received a gift from Okawaru
 30803 | Shoals:3 | Noticed a kraken
 30821 | Shoals:4 | Entered Level 4 of the Shoals
 31590 | Shoals:2 | Reached XP level 16. HP: 49/146 MP: 23/23
 32928 | Shoals:3 | Reached skill level 16 in Shields
 32966 | Shoals:3 | Killed a kraken
 32966 | Shoals:3 | Identified the +10 hunting sling of Bos Juom {venom,
                  | *Corrode +Blink MP+9 Dex+3} (Okawaru gifted it to you on
                  | level 3 of the Shoals)
 32966 | Shoals:3 | Received a gift from Okawaru
 33478 | Shoals:3 | Reached skill level 15 in Armour
 33505 | Shoals:3 | Found a large runed translucent door.
 33505 | Shoals:3 | Found a large runed translucent door.
 33506 | Shoals:3 | Noticed carontestyx's ghost (adept HOBe)
 34042 | Shoals:3 | Killed carontestyx's ghost
 34044 | Shoals:3 | Identified the +2 broad axe of the Fulmar {holy, rN+ Dex+4}
 34050 | Shoals:3 | Identified the ring "Ryn Aphi" {rPois Will+ Int+2 Slay-3
                  | SInv}
 34857 | Shoals:4 | Received a gift from Okawaru
 34882 | Shoals:4 | Reached skill level 5 in Slings
 34963 | Shoals:4 | Identified the ring of Wishful Thinking {rF+ Dex+3}
 35485 | Shoals:4 | Received a gift from Okawaru
 35723 | Shoals:3 | Received a gift from Okawaru
 35724 | Shoals:3 | Reached skill level 15 in Fighting
 35945 | Shoals:3 | Reached skill level 17 in Shields
 36155 | Shoals:4 | Received a gift from Okawaru
 36707 | Shoals:4 | Noticed a sphinx
 36716 | Shoals:4 | Killed a sphinx
 36742 | Shoals:4 | Identified the +8 chain mail of Okawaru's Reproof {MP+9}
 36815 | Shoals:4 | Got a barnacled rune of Zot
 37122 | Shoals:4 | Noticed a sphinx
 37126 | Shoals:4 | Paralysed by a sphinx for 3 turns
 37131 | Shoals:4 | Killed a sphinx
 37132 | Shoals:4 | Reached XP level 17. HP: 155/156 MP: 24/24
 37570 | Snake:1  | Entered Level 1 of the Snake Pit
 37607 | Snake:1  | Noticed Kirke
 37624 | Snake:1  | Noticed Agnes
 37640 | Snake:1  | Killed Agnes
 37652 | Snake:1  | Killed Kirke
 38936 | Snake:2  | Reached skill level 1 in Short Blades
 38979 | Snake:2  | Found Ludaew Waiwk's Jewellery Shop.
 38987 | Snake:2  | Found Rutseid's Antique Weapon Shop.
 39035 | Snake:2  | Received a gift from Okawaru
 39048 | Snake:2  | Found a runed translucent gate.
 39048 | Snake:2  | Found a runed translucent gate.
 39048 | Snake:2  | Found an opulent altar of Gozag.
 39050 | Snake:2  | Found a runed translucent gate.
 39052 | Snake:2  | Found Vupsom's Assorted Antiques.
 39052 | Snake:2  | Found Aqeel's Assorted Antiques.
 39052 | Snake:2  | Noticed Jazqba's ghost (adept HONe)
 39422 | Snake:2  | Reached skill level 1 in Evocations
 40197 | Snake:2  | Reached skill level 18 in Shields
 40330 | Snake:3  | Noticed Roxanne
 40587 | Snake:3  | Noticed Vashnia
 40595 | Snake:3  | Killed Vashnia
 40603 | Snake:3  | Received a gift from Okawaru
 40626 | Snake:3  | Noticed Saint Roka
 40650 | Snake:3  | Killed Saint Roka
 41518 | Snake:3  | Found Bulez's Book Shoppe.
 41526 | Snake:3  | Found Deivaf's Weapon Emporium.
 42242 | Snake:4  | Entered Level 4 of the Snake Pit
 42242 | Snake:4  | Found Homem's Assorted Antiques.
 42402 | Snake:4  | Received a gift from Okawaru
 42689 | Snake:4  | Received a gift from Okawaru
 42794 | Snake:4  | Reached XP level 18. HP: 166/166 MP: 25/25
 43865 | Snake:4  | Found Gyaloib's Magic Scroll Shop.
 43990 | Snake:4  | Found Nishraih's Book Emporium.
 44060 | Snake:4  | Reached skill level 19 in Shields
 44079 | Snake:4  | Reached skill level 5 in Evocations
 44150 | Snake:4  | Killed from afar by a quicksilver dragon

Illustrated notes

Levels and vault maps discovered:
D:1:      dpeg_arrival_pits, layout_loops_ring, minmay_misc_feat_doors,
          minmay_statues_item, kennysheep_pointless_box, minmay_hexomino_p4
D:2:      minmay_razor_zed, layout_basic, basic_altar, minmay_misc_feat_five,
          minmay_misc_feat_pillars
D:3:      layout_loops_corners, mainiacjoe_overflow_paths,
          minmay_gold_behind_fungi, st_stairs_9
D:4:      layout_cave_pools, minmay_temple_entry_statues_pillars
D:5:      layout_basic, okawaru_gym_becter, amcnicky_mini_pool_medium,
          uniq_edmund, uniq_pikel
D:6:      layout_rooms, nicolae_qazlal_style_of_elements, doesnt_xom_only_xom,
          mainiacjoe_overflow_surrounded_room, chequers_mini_garden
D:7:      lemuel_insect_pit, layout_cave_pools, nicolae_uskayaw_dance_hall
D:8:      layout_basic, special_room [special_room_orc], uniq_psyche, uniq_erica
D:9:      layout_loops_corners, mainiacjoe_overflow_alcove_2,
          fedhas_ov_isle_minmay, minmay_lair_entry_grove, serial_shops,
          nicolae_square_shop, serial_bayou_crossing, uniq_gastronok
D:10:     layout_long_grid, grunt_temple_overflow_holy_war,
          vehumet_altar_wand_db, zin_academy
D:11:     layout_basic, amcnicky_altar_lugonu_corruption
D:12:     layout_loops_corners, david_orc_1_choice,
          chequers_serial_rivers_small_a
D:13:     layout_stronghold, grunt_dithmenos_smoke_and_mirrors
D:14:     layout_irregular_city, grunt_vaults_entry_tiered,
          nicolae_wu_jian_immortal_techniques, nicolae_hepliaklqana_hippocampus
Temple:   chequers_temple_sunken
Lair:1:   layout_loops_ring
Lair:2:   layout_misc_corridors, grunt_megastairs_3
Lair:3:   layout_loops_ring, dummy_snake_entry, kennysheep_abandoned_house,
          grunt_megastairs_4, minmay_lair_oklob_chamber
Lair:4:   layout_regular_city, elwin_shoals_entry_stream, minmay_holes
Lair:5:   layout_gridlike, minmay_slime_entry_jelly_boxes,
          nicolae_quartered_pool_little, kilobyte_rumbling_trees,
          serial_bayou_shore_b, infiniplex_staircase_pool_2
Lair:6:   minmay_lair_end_enchanted_forest, layout_cave_pods,
          gammafunk_ghost_ooze, lemuel_fruit_fields
Shoals:1: layout_shoals
Shoals:2: layout_shoals, serial_shops, nicolae_shop_behind_doors,
          nicolae_shop_statue_plus, nicolae_shop_waterfront,
          nicolae_lakefront_shop, nicolae_shoals_secluded_bog
Shoals:3: layout_shoals, ebering_ghost_disaster_area
Shoals:4: shoals_end_hellmonk_lost_city
Snake:1:  layout_cave_pods, uniq_agnes, uniq_kirke
Snake:2:  layout_cave_pods, ebering_ghost_gozag, st_stairs_11, minmay_shop_star,
          serial_bayou_shore_a, lemuel_fruit_tree
Snake:3:  layout_layer_cave, st_stairs_7, minmay_shoptagon, uniq_saint_roka,
          uniq_vashnia, uniq_roxanne
Snake:4:  hellmonk_snake_rune_quicksilver_temple, layout_cave_town,
          serial_shops, nicolae_shop_behind_doors, shop, shop,
          nicolae_shop_stone, serial_bayou_ford_a, nicolae_wooded_promenade
Orc:1:    layout_caves, serial_shops, nicolae_shop_behind_doors,
          nicolae_orc_stony_grotto
Orc:2:    st_orc_ogre_mass, layout_caves, basic_altar

Skill      XL: |  1  2  3  4  5  6  7  8  9 10 11 12 13 14 15 16 17 18 |
---------------+-------------------------------------------------------+-----
Fighting       | 4 5 6 7 8 9 10 11 12 14 15 16 | 16.3
Armour         | 4 5 6 7 8 10 11 13 14 15 16 | 16.3
Shields        | 4 5 6 7 8 9 10 11 12 14 15 17 18 19 | 19.0
Long Blades    | 3 4 6 8 9 10 12 14 15 16 17 | 17.3
Dodging        | 1 |  1.0
Throwing       | 2 3 4 5 6 7 8 |  8.1
Slings         | 3 4 7 8 |  8.0
Invocations    | 3 5 7 9 10 11 | 11.0
Short Blades   | 1 |  1.7
Evocations     | 4 5 |  5.0

Action                   |  1- 3 |  4- 6 |  7- 9 | 10-12 | 13-15 | 16-18 || total
-------------------------+-------+-------+-------+-------+-------+-------++-------
Melee: Long sword        |    15 |       |       |       |       |       ||    15
       Headbutt          |    12 |    26 |    62 |   152 |   364 |   343 ||   959
       Falchion          |    71 |    93 |   230 |    30 |       |       ||   424
       Scimitar          |       |       |       |   466 |   537 |       ||  1003
       Demon blade       |       |       |       |       |   782 |  1088 ||  1870
       Short sword       |       |       |       |       |    18 |    53 ||    71
 Fire: Hunting sling     |       |       |    14 |     8 |    12 |   155 ||   189
       Fustibalus        |       |       |       |       |    11 |     1 ||    12
Throw: Dart              |     2 |     5 |     1 |     3 |     7 |       ||    18
       Javelin           |       |     7 |    30 |    33 |    74 |    32 ||   176
Invok: Heroism           |       |       |       |     2 |     4 |     2 ||     8
       Finesse           |       |       |       |       |     4 |     4 ||     8
  Use: Scroll            |     3 |     1 |     5 |    13 |    11 |     3 ||    36
       Potion            |       |     1 |       |     1 |     3 |     1 ||     6
Armor: Scale mail        |    52 |    31 |    70 |     5 |       |       ||   158
       Plate armour      |       |       |       |   148 |   364 |   416 ||   928
Dodge: Dodged            |    33 |    19 |    64 |   109 |   231 |   226 ||   682
Block: Kite shield       |    51 |    51 |   137 |   261 |   845 |  1048 ||  2393
       Reflection        |       |       |       |       |    54 |   171 ||   225
       Rpst.: Long sword |     5 |       |       |       |       |       ||     5
       Falchion          |     9 |     3 |    13 |     2 |       |       ||    27
       Scimitar          |       |       |       |    19 |    27 |       ||    46
       Demon blade       |       |       |       |       |    20 |    31 ||    51
